 Dungeon Crawl Stone Soup version 0.30.1-4-g462c640d31 (webtiles) character file.

Game seed: 3004096063889938728

36288 mikski the Thaumaturge (level 13, -8/57 HPs)
             Began as a Vine Stalker Conjurer on Sept 9, 2023.
             Was an Elder of Sif Muna.
             Mangled by a ten-headed hydra (11 damage)
             ... on level 12 of the Dungeon.
             The game lasted 02:30:26 (18560 turns).

mikski the Thaumaturge (Vine Stalker Conjurer)     Turns: 18560, Time: 02:30:27

Health: -8/57      AC: 11    Str: 10    XL:     13   Next: 89%
Magic:  0/30       EV: 19    Int: 32    God:    Sif Muna [****..]
Gold:   985        SH:  0    Dex: 14    Spells: 26/37 levels left

rFire   + . .        G - +10 bardiche "Nuyt" {venom, rElec rF+}
rCold   . . .        (shield currently unavailable)
rNeg    . . .        i - +0 robe of the Sparrow {Drain rElec rCorr Archmagi}
rPois   .            k - +2 helmet
rElec   +            l - +2 cloak
rCorr   +            d - +1 pair of gloves
SInv    .            t - +0 pair of boots
Will    +....        (no amulet)
Stlth   ++++         s - +6 ring of intelligence
HPRegen 1.09/turn    I - ring of Democracy {Drain EV+5 Int+4}
MPRegen 0.22/turn

%: guardian spirit, archmagi
@: channelling, very slightly contaminated, hasted, very quick
A: fangs 3, regeneration 1, magic shield, antimagic bite, no potion heal 2
a: Renounce Religion, Channel Magic, Forget Spell, Divine Exegesis


You were on level 12 of the Dungeon.
You worshipped Sif Muna.
Sif Muna was greatly pleased with you.
You visited 2 branches of the dungeon, and saw 13 of its levels.
You also visited: Bailey and Ice Cave.

You collected 985 gold pieces.

Inventory:

Hand Weapons
 C - a +0 eveningstar of freezing
 G - the +10 bardiche "Nuyt" (weapon) {venom, rElec rF+}
   (You found it in a bailey)

   rF:        It protects you from fire.
   rElec:     It insulates you from electricity.
Missiles
 u - 6 curare-tipped darts
Armour
 d - a +1 pair of gloves (worn)
 i - the +0 robe of the Sparrow (worn) {Drain rElec rCorr Archmagi}
   (You found it on level 2 of the Dungeon)

   rElec:     It insulates you from electricity.
   rCorr:     It protects you from acid and corrosion.
   Drain:     It drains your maximum health when unequipped.
   Archmagi:  It increases the power of your magical spells.
 k - a +2 helmet (worn)
 l - a +2 cloak (worn)
 p - a +2 scale mail of cold resistance
 t - a +0 pair of boots (worn)
 y - a +0 plate armour of cold resistance
 P - +0 acid dragon scales
Jewellery
 q - a ring of fire
 s - a +6 ring of intelligence (left hand)
 H - a ring of protection from cold
 I - the ring of Democracy (right hand) {Drain EV+5 Int+4}
   (You found it on level 8 of the Dungeon)

   [ring of evasion]

   EV:        It affects your evasion (+5).
   Int:       It affects your intelligence (+4).
   Drain:     It drains your maximum health when unequipped.
 M - a ring of poison resistance
Wands
 m - a wand of paralysis (6)
 K - a wand of acid (5)
 L - a wand of flame (24)
Scrolls
 c - a scroll of fear
 e - 4 scrolls of enchant weapon
 f - 7 scrolls of teleportation
 g - 2 scrolls of poison
 h - a scroll of fog
 n - 4 scrolls of immolation
 o - 4 scrolls of torment
 E - a scroll of identify
Potions
 a - 2 potions of resistance
 b - 2 potions of magic
 j - a potion of ambrosia
 r - 7 potions of curing
 v - 2 potions of heal wounds
 w - a potion of degeneration
 x - 5 potions of mutation
 z - a potion of haste
 A - a potion of brilliance
 B - 2 potions of berserk rage
 D - 3 potions of attraction


   Skills:
 + Level 1.5 Fighting
 - Level 1.0 Polearms
 * Level 6.3 Dodging
 * Level 10.0 Stealth
 * Level 12.6 Spellcasting
 * Level 12.1 Conjurations
 * Level 7.9 Hexes
 + Level 5.5 Translocations
 * Level 6.9 Invocations


You had 26 spell levels left.
You knew the following spells:

 Your Spells              Type           Power      Damage    Failure   Level
a - Magic Dart            Conj           100%       1d8       0%          1
b - Searing Ray           Conj           100%       2d8       1%          2
d - Iskenderun's Mystic   Conj/Tloc      86%        2d17      1%          4
e - Fulminant Prism       Conj/Hex       45%        3d21      1%          4

Your spell library contained the following spells:

 Spells                   Type           Power      Damage    Failure   Level
 Ensorcelled Hibernation  Hex/Ice        100%       N/A       1%          2
 Dazzling Flash           Conj/Hex       100%       N/A       1%          3
 Gell's Gravitas          Tloc           70%        N/A       1%          3
 Teleport Other           Tloc           70%        N/A       1%          3
 Necrotise                Necr           100%       1d9       2%          1
 Anguish                  Hex/Necr       31%        N/A       4%          4
 Ozocubu's Armour         Ice            30%        N/A       7%          3
 Spider Form              Tmut/Pois      30%        N/A       7%          3
 Vampiric Draining        Necr           30%        2d8       7%          3
 Silence                  Hex/Air        31%        N/A       13%         5
 Dispersal                Tloc           35%        N/A       36%         6
 Agony                    Necr           30%        N/A       54%         5
 Ozocubu's Refrigeration  Ice            15%        4d10      100%        7


Dungeon Overview and Level Annotations

Branches:
Dungeon (12/15)            Temple (1/1) D:5            Lair (0/5) D:10
    Orc (0/2) D:12         Bailey (visited)           IceCv (visited)

Altars:
Ashenzari
Cheibriados
Dithmenos
Elyvilon
Fedhas
Gozag
Hepliaklqana
Kikubaaqudgha
Makhleb
Nemelex Xobeh
Okawaru
Qazlal
Ru
Sif Muna
Trog
Uskayaw
Vehumet
Wu Jian
Yredelemnul
Zin
The Shining One

Shops:
D:7 !   D:11 :

Annotations:
D:12 Jucuroim's ghost, journeyman DrEE


Innate Abilities, Weirdness & Mutations

You have razor-sharp teeth.
Your natural rate of healing is unusually fast.
When hurt, damage is shared between your health and your magic reserves.
Your bite disrupts and absorbs the magic of your enemies.
Potions cannot restore your health.


Message History

Confirm with . or Enter, or press ? or * to list all spells.
Aiming: Fulminant Prism (safe; 1% risk of failure)
Press: ? - help, Dir - move target You feel a surge of power!
You miscast Fulminant Prism.
You are very lightly contaminated with residual magic.
Nothing appears to happen.
Casting: Fulminant Prism (safe; 1% risk of failure)
Confirm with . or Enter, or press ? or * to list all spells.
You feel a surge of power!
You erupt in a blast of force!
The mystic blast hits the ten-headed hydra!!
The ten-headed hydra is heavily wounded.
The ten-headed hydra is knocked back by the mystic blast.
The ten-headed hydra collides with Jucuroim's ghost!
Jucuroim's ghost is severely damaged.
The ten-headed hydra is heavily wounded.
Casting: Iskenderun's Mystic Blast (dangerous; 1% risk of failure)
Confirm with . or Enter, or press ? or * to list all spells.
You don't have enough magic to cast this spell.
Unknown command.
The ten-headed hydra bites you!
The ten-headed hydra closely misses you.
The ten-headed hydra misses you.
The ten-headed hydra completely misses you.
The ten-headed hydra bites you! The ten-headed hydra bites you.
The ten-headed hydra bites you! x2
* * * LOW HITPOINT WARNING * * *
The ten-headed hydra misses you.
The ten-headed hydra closely misses you.
Casting: Iskenderun's Mystic Blast (dangerous; 1% risk of failure)
Confirm with . or Enter, or press ? or * to list all spells.
You don't have enough magic to cast this spell.
You feel yourself speed up. The ten-headed hydra bites you.
* * * LOW HITPOINT WARNING * * *
The ten-headed hydra bites you!
* * * LOW HITPOINT WARNING * * *
The ten-headed hydra misses you. x2
The ten-headed hydra bites you but does no damage.
The ten-headed hydra misses you. The ten-headed hydra barely misses you.
The ten-headed hydra bites you!
You die...

...................)...........#
.#..##.######.........###..###.##
.#..##.######.#######............
.................# #..##..###.##
.....#.######....# #..##..###...
.................+ ..............
.......####.#....####..##..###..#
.....#..###.##'#............ #.)#
.....#....######@####......###).#
####.#.####..♣##D####.......))..#
## #.#..# ♣(.?.#W..........).....
.###.####......'.#.###...#.#)#...
...... ...)..'....# ..#.#.#..#
.###.####~.)...'....##...........
........##~....#....##.....#.#...
.........##♣♣♣##.#..##.......=...
........#.# ###.......#...#.#...


You could see a ten-headed hydra and Jucuroim's ghost.

Vanquished Creatures
  Azrael (D:12)
  Erolcha (D:11)
  A centaur warrior (D:9)
  A boulder beetle (D:11)
  Erica (D:8)
  4 two-headed ogres
  Lodul (D:12)
  A bog body (IceCv)
  A necromancer (IceCv)
  Pikel (D:7)
  A manticore (D:11)
  2 ugly things
  2 ice statues (IceCv)
  A gargoyle (D:10)
  Maggie (D:8)
  7 ice devils (IceCv)
  2 komodo dragons
  5 anaconda simulacra (IceCv)
  3 trolls
  3 dire elephant simulacra (IceCv)
  A culicivora (shapeshifter) (D:12)
  2 shadows (D:11)
  A vampire (D:12)
  3 fire elementals (D:12)
  4 wyverns
  19 yaks
  3 vampire mosquitoes
  A basilisk (D:10)
  A death yak simulacrum (IceCv)
  2 harpy simulacra (IceCv)
  2 acid dragons
  2 hell hounds (D:12)
  2 water moccasins
  Duvessa (D:6)
  A swamp drake (D:10)
  14 orc warriors
  3 ice beasts
  A sky beast (D:6)
  4 black bears
  8 ogres
  13 centaurs
  2 lemures (D:7)
  A bullfrog (D:9)
  2 kobold brigands
  2 gnoll sergeants
  3 scorpions
  A two-headed ogre simulacrum (IceCv)
  4 wights (D:7)
  Dowan (D:6)
  13 killer bees (D:9)
  2 elephant simulacra (IceCv)
  An electric eel (D:6)
  5 howler monkeys (D:8)
  A crimson imp (D:6)
  5 hounds
  6 orc priests
  Crazy Yiuf (D:2)
  A jelly (D:7)
  4 iguanas
  19 orc wizards
  2 sleepcaps (D:4)
  Robin (D:2)
  15 gnolls
  13 adders
  3 shadow imps
  3 white imps
  3 ufetubi
  A worm (D:3)
  2 dart slugs
  52 orcs
  6 ball pythons
  2 bats
  6 endoplasms
  5 giant cockroaches
  15 goblins
  9 hobgoblins
  4 jackals (D:1)
  4 quokkas
  3 frilled lizards
  10 kobolds
  6 rats
  9 fulminant prisms
376 creatures vanquished.

Vanquished Creatures (others)
  165 fulminant prisms
165 creatures vanquished.

Grand Total: 541 creatures vanquished

Notes
Turn   | Place    | Note
-------+----------+-------------------------------------------
     0 | D:1      | mikski the Vine Stalker Conjurer began the quest for the
                  | Orb.
     0 | D:1      | Reached XP level 1. HP: 9/9 MP: 4/4
   270 | D:1      | Reached XP level 2. HP: 13/13 MP: 1/6
   320 | D:1      | Learned a level 2 spell: Searing Ray
   932 | D:2      | Reached XP level 3. HP: 16/16 MP: 5/7
   975 | D:2      | Learned a level 3 spell: Gell's Gravitas
  1045 | D:2      | Noticed Robin
  1122 | D:2      | Killed Robin
  1269 | D:2      | Reached skill level 5 in Conjurations
  1269 | D:2      | Gained mutation: Your natural rate of healing is unusually
                  | fast. [Vine Stalker growth]
  1269 | D:2      | Reached XP level 4. HP: 21/21 MP: 3/8
  1415 | D:2      | Found a runed translucent door.
  1416 | D:2      | Noticed Crazy Yiuf
  1454 | D:2      | Killed Crazy Yiuf
  1729 | D:2      | Identified the +0 robe of the Sparrow {Drain rElec rCorr
                  | Archmagi}
  1873 | D:2      | Reached XP level 5. HP: 24/24 MP: 6/10
  1983 | D:2      | You fall into a shaft and drop 2 floors!
  2416 | D:3      | Found a faded altar of an unknown god.
  2516 | D:3      | Found a sparkling altar of Nemelex Xobeh.
  2728 | D:2      | Reached XP level 6. HP: 27/28 MP: 0/12
  3153 | D:2      | Reached skill level 1 in Translocations
  3296 | D:3      | Found an ancient bone altar of Kikubaaqudgha.
  3296 | D:3      | Found a shimmering blue altar of Sif Muna.
  3354 | D:3      | Became a worshipper of Sif Muna the Loreminder
  3473 | D:3      | Learned a level 4 spell: Iskenderun's Mystic Blast
  3665 | D:3      | Reached XP level 7. HP: 19/32 MP: 2/14
  4285 | D:4      | Reached skill level 5 in Spellcasting
  4414 | D:4      | Found a blossoming altar of Fedhas.
  5018 | D:5      | Entered Level 5 of the Dungeon
  5076 | D:5      | Reached * piety under Sif Muna
  5309 | D:5      | Found a staircase to the Ecumenical Temple.
  5368 | Temple   | Entered the Ecumenical Temple
  5559 | D:5      | Gained mutation: You have razor-sharp teeth. [Vine Stalker
                  | growth]
  5559 | D:5      | Reached XP level 8. HP: 37/37 MP: 12/17
  6186 | D:5      | Found a stormy altar of Qazlal.
  6548 | D:6      | Noticed Duvessa
  6548 | D:6      | Noticed Dowan
  6551 | D:6      | Reached skill level 1 in Fighting
  6609 | D:6      | Killed Duvessa
  6610 | D:6      | Reached skill level 1 in Invocations
  6612 | D:6      | Killed Dowan
  7720 | D:6      | Reached XP level 9. HP: 39/41 MP: 8/20
  7926 | D:6      | Reached skill level 5 in Stealth
  7973 | D:6      | Learned a level 4 spell: Fulminant Prism
  8024 | D:6      | Reached ** piety under Sif Muna
  8337 | D:6      | Found a burning altar of Makhleb.
  8748 | D:7      | Noticed Pikel
  8756 | D:7      | Killed Pikel
  8757 | D:7      | Reached skill level 1 in Hexes
  8864 | D:7      | Found Anixzid's Distillery.
  9095 | D:7      | Reached XP level 10. HP: 45/45 MP: 17/23
  9481 | D:8      | Found a flagged portal.
  9490 | Bailey   | Entered a bailey
 10340 | Bailey   | Found the +3 greatsling "Punk" {acid, rCorr}
 10778 | Bailey   | Identified the +10 bardiche "Nuyt" {venom, rElec rF+}
 11028 | D:8      | Reached *** piety under Sif Muna
 11405 | D:8      | Noticed Maggie
 11415 | D:8      | Killed Maggie
 11416 | D:8      | Reached XP level 11. HP: 49/49 MP: 9/25
 11416 | D:8      | Identified the ring of Democracy {Drain EV+5 Int+4}
 11563 | D:8      | Noticed Erica
 11580 | D:8      | Killed Erica
 11581 | D:8      | Reached skill level 10 in Spellcasting
 11868 | D:9      | Noticed a centaur warrior
 12289 | D:9      | Killed a centaur warrior
 12424 | D:9      | Noticed a purple ugly thing
 12433 | D:9      | Killed a purple ugly thing
 12803 | D:10     | Entered Level 10 of the Dungeon
 13056 | D:9      | Found a snail-covered altar of Cheibriados.
 13250 | D:9      | Found a radiant altar of Vehumet.
 13693 | D:10     | Reached skill level 10 in Conjurations
 14191 | D:10     | Reached skill level 5 in Hexes
 14375 | D:10     | Found a staircase to the Lair.
 14576 | D:10     | Reached skill level 5 in Invocations
 15166 | D:10     | Reached skill level 5 in Dodging
 15166 | D:10     | Reached XP level 12. HP: 53/53 MP: 26/28
 15332 | D:11     | Found Ymauk's Book Shoppe.
 15375 | D:11     | Noticed Erolcha
 15524 | D:11     | Killed Erolcha
 15525 | D:11     | Reached XP level 13. HP: 57/57 MP: 10/29
 16013 | D:11     | Reached **** piety under Sif Muna
 16147 | D:11     | Reached skill level 1 in Polearms
 16345 | D:11     | Reached skill level 5 in Translocations
 16711 | D:11     | Found a hazy altar of Hepliaklqana.
 16866 | D:12     | Noticed Azrael
 16869 | D:12     | Killed Azrael
 17145 | D:12     | Found a staircase to the Orcish Mines.
 17177 | D:12     | Noticed Lodul
 17199 | D:12     | Killed Lodul
 17230 | D:12     | Found a frozen archway.
 17240 | IceCv    | Entered an ice cave
 17894 | IceCv    | Reached skill level 10 in Stealth
 18545 | D:12     | Found a runed translucent gate.
 18545 | D:12     | Found a runed translucent gate.
 18545 | D:12     | Found a runed translucent gate.
 18545 | D:12     | Noticed Jucuroim's ghost (journeyman DrEE)
 18560 | D:12     | Mangled by a ten-headed hydra

Illustrated notes

Levels and vault maps discovered:
D:1:      lightli_arrival_statuegarden, layout_rooms, chequers_mini_garden
D:2:      layout_loops_ring, uniq_crazy_yiuf_cottage, uniq_robin
D:3:      layout_basic, led_sif_book, mainiacjoe_overflow_24_doors,
          nicolae_kikubaaqudgha_miasma_corner,
          shapermc_ecumenical_altar_starsandcircs
D:4:      layout_loops_ring, fedhas_altar_4, roderic_lattice_a
D:5:      layout_basic, overflow_temple_1_default,
          minmay_temple_entry_proselytizer, nrook_pool_corridor, st_stairs_11
D:6:      layout_gridville, makhleb_grotto_becter, tgw_xom, minivault_14,
          hangedman_decor_slide_cut, uniq_duvessa
D:7:      layout_basic, serial_shops, nicolae_shop_tiny_statue_garden,
          uniq_pikel
D:8:      layout_gridville, enter_bailey_2, uniq_erica, uniq_maggie
D:9:      layout_basic, mainiacjoe_overflow_cross_hatched,
          mainiacjoe_overflow_concentric_impassable, minmay_checkerbox
D:10:     layout_irregular_city, erik_lair_dragon
D:11:     layout_basic, serial_shops, nicolae_shop_just_a_little_nook,
          grunt_ministairs_1, worldfamousw_hep_ancestral_shrine, uniq_erolcha
D:12:     layout_basic, orc_0_dummy, gammafunk_ghost_hydra_chop,
          portal_ice_cave_entry_pillars_1, uniq_lodul, uniq_azrael
Temple:   cyrus_circular_temple

Skill      XL: |  1  2  3  4  5  6  7  8  9 10 11 12 13 |
---------------+----------------------------------------+-----
Conjurations   | 5 6 7 8 9 10 11 12 | 12.1
Stealth        | 3 4 6 7 8 9 10 | 10.0
Spellcasting   | 3 4 5 7 8 9 11 12 | 12.6
Dodging        | 2 3 4 5 6 |  6.3
Translocations | 1 2 3 4 5 |  5.5
Fighting       | 1 |  1.5
Invocations    | 2 3 6 |  6.9
Hexes          | 1 4 6 7 |  7.9
Polearms       | 1 |  1.0

Action                     |  1- 3 |  4- 6 |  7- 9 | 10-12 | 13-15 || total
---------------------------+-------+-------+-------+-------+-------++-------
  Melee: Unarmed           |    22 |       |       |       |       ||    22
         Bite              |     5 |     5 |       |       |     1 ||    11
         Quarterstaff      |       |    10 |     1 |       |       ||    11
         Bardiche          |       |       |       |     3 |     4 ||     7
   Cast: Magic Dart        |    62 |   119 |   129 |    11 |       ||   321
         Searing Ray       |     2 |     6 |    48 |    40 |       ||    96
         Gell's Gravitas   |       |     2 |     2 |       |       ||     4
         Iskenderun's Myst |       |       |     8 |    41 |    50 ||    99
         Fulminant Prism   |       |       |       |   100 |    76 ||   176
 Invoke: Channel Magic     |       |       |     3 |     8 |     3 ||    14
    Use: Scroll            |       |     4 |     1 |    10 |     1 ||    16
         Potion            |       |       |       |     9 |     1 ||    10
 Armour: Robe              |    10 |    21 |    19 |    14 |     9 ||    73
  Dodge: Dodged            |    22 |    23 |    32 |   114 |    41 ||   232
